 Dungeon Crawl Stone Soup version 0.30.0-2-g1aa4bd4387 (webtiles) character file.

Game seed: 4860989018577977035

7467 Eitelfritz the Cleaver (level 11, -3/89 HPs)
             Began as a Hill Orc Fighter on May 7, 2023.
             Was a Follower of Hepliaklqana.
             Killed from afar by a starcursed mass (10 damage)
             ... with an accursed screaming
             ... on level 1 of the Abyss.
             The game lasted 00:18:02 (8965 turns).

Eitelfritz the Cleaver (Hill Orc Fighter)           Turns: 8965, Time: 00:18:03

Health: -3/89      AC: 12    Str: 34    XL:     11   Next: 15%
Magic:  11/11      EV: 12    Int: 10    God:    Hepliaklqana [*.....]
Gold:   545        SH:  0    Dex: 10    Spells: 10/10 levels left

rFire   + . .        a - +1 war axe
rCold   + . .        c - +0 buckler
rNeg    . . .        R - +0 steam dragon scales
rPois   .            f - +1 helmet
rElec   .            q - scarf {rC+ rF+}
rCorr   .            J - +0 pair of gloves
SInv    .            v - +0 pair of boots
Will    .....        b - amulet of the acrobat
Stlth   +            w - +6 ring of strength
HPRegen 0.34/turn    B - +6 ring of strength
MPRegen 0.12/turn

%: acrobat
@: confused
A: reduced essence
a: Renounce Religion, Recall Ancestor, Ancestor Identity


You were on level 1 of the Abyss.
You worshipped Hepliaklqana.
Hepliaklqana was aware of your devotion.
You visited 2 branches of the dungeon, and saw 10 of its levels.
You visited the Abyss 1 time.
You also visited: Sewer.

You collected 545 gold pieces.

Inventory:

Hand Weapons
 a - a +1 war axe (weapon)
 I - a +0 flail of protection
 S - the +6 shillelagh "Devastator" {shatter}
   (You found it on level 8 of the Dungeon)
Missiles
 d - a throwing net
 j - 3 curare-tipped darts
 k - 20 poisoned darts (quivered)
 o - 3 boomerangs
Armour
 c - a +0 buckler (worn)
 f - a +1 helmet (worn)
 q - a scarf of resistance (worn)
 v - a +0 pair of boots (worn)
 y - the orb of the Catfish {*Rage, rF+ Will- Int+3 Slay+2}
   (You found it in a sewer)

   Int:       It affects your intelligence (+3).
   Slay:      It affects your accuracy & damage with ranged weapons and melee
   (+2).
   rF:        It protects you from fire.
   Will:      It decreases your willpower.
 J - a +0 pair of gloves (worn)
 R - +0 steam dragon scales (worn)
Magical Staves
 x - a staff of fire
Jewellery
 b - an amulet of the acrobat (around neck)
 e - a +6 ring of intelligence
 g - a ring of resist corrosion
 w - a +6 ring of strength (left hand)
 B - a +6 ring of strength (right hand)
 L - a +6 ring of intelligence
 N - a ring of positive energy
Wands
 G - a wand of polymorph (15)
 H - a wand of quicksilver (6)
 P - a wand of roots (14)
Scrolls
 i - 4 scrolls of teleportation
 l - a scroll of silence
 m - 3 scrolls of blinking
 n - a scroll of immolation
 z - 2 scrolls of magic mapping
 F - a scroll of summoning
 M - 2 scrolls of identify
 O - a scroll of fog
 Q - a scroll of fear
Potions
 h - 3 potions of brilliance
 p - 2 potions of heal wounds
 r - 2 potions of cancellation
 s - 7 potions of curing
 t - 4 potions of attraction
 u - 2 potions of mutation
 A - 2 potions of invisibility
 C - 3 potions of magic
 D - 2 potions of resistance
 E - 3 potions of ambrosia
 K - a potion of might


   Skills:
 + Level 9.6 Fighting
 + Level 14.4 Axes
 + Level 1.9 Throwing
 + Level 8.9 Armour
 + Level 3.8 Dodging
 + Level 2.1 Stealth
 + Level 5.4 Shields


You had 10 spell levels left.
You didn't know any spells.
Your spell library contained the following spells:

 Spells                   Type           Power      Damage    Failure   Level
 Sting                    Tmut/Pois      0%         1d3       38%         1
 Cigotuvi's Dreadful Rot  Necr/Pois/Air  0%         N/A       54%         2
 Poisonous Vapours        Pois/Air       0%         N/A       54%         2
 Ignite Poison            Fire/Tmut/Pois 0%         N/A       77%         3
 Inner Flame              Hex/Fire       0%         N/A       77%         3
 Ozocubu's Armour         Ice            0%         N/A       77%         3
 Volatile Blastmotes      Fire/Tloc      0%         2d10      77%         3
 Dispel Undead            Necr           0%         3d6       99%         4
 Flame Wave               Conj/Fire      0%         2d4       99%         4
 Fulminant Prism          Conj/Hex       0%         3d5       99%         4
 Iskenderun's Mystic Bla  Conj/Tloc      0%         2d3       99%         4
 Olgreb's Toxic Radiance  Pois           0%         N/A       99%         4
 Sticky Flame             Conj/Fire      0%         2d3       99%         4
 Summon Lightning Spire   Summ/Air       0%         N/A       99%         4
 Freezing Cloud           Conj/Ice/Air   0%         6-21      100%        5
 Lee's Rapid Deconstruct  Erth           0%         3d4*      100%        5
 Death Channel            Necr           0%         N/A       100%        6
 Ozocubu's Refrigeration  Ice            0%         4d7       100%        7
 Storm Form               Tmut/Air       0%         N/A       100%        7
 Borgnjor's Revivificati  Necr           0%         N/A       100%        8
 Maxwell's Capacitive Co  Air            0%         ∞         100%        8
 Necromutation            Tmut/Necr      0%         N/A       100%        8
 Death's Door             Necr           0%         N/A       100%        9


Dungeon Overview and Level Annotations

Branches:
Dungeon (9/15)             Temple (1/1) D:6           Sewer (visited)
   Lair: D:8-11         Orc: D:9-12

Altars:
Ashenzari
Cheibriados
Dithmenos
Elyvilon
Fedhas
Hepliaklqana
Kikubaaqudgha
Makhleb
Nemelex Xobeh
Okawaru
Qazlal
Ru
Sif Muna
Trog
Uskayaw
Vehumet
Wu Jian
Xom
Yredelemnul
Zin
The Shining One

Annotations:
D:9 Erolcha


Message History

You are more confused.
The golden eye blinks at you. You resist with almost no effort.
Unknown command.
You bump into the stone wall.
The golden eye blinks at you.
You are more confused.
The golden eye blinks at you.
A starcursed mass splits.
The golden eye blinks!
Unknown command.
You completely miss the golden eye.
The golden eye is heavily wounded.
You completely miss the golden eye. You slice the sixfirhy!!
You miss the golden eye.
The sixfirhy hits you but does no damage.
A starcursed mass splits.
The sixfirhy hits you.
* * * LOW HITPOINT WARNING * * *
The sixfirhy shocks you!
* * * LOW HITPOINT WARNING * * *
The golden eye blinks at you. You resist with almost no effort.
You bump into the stone wall.
The sixfirhy barely misses you.
The sixfirhy hits you but does no damage. x2
The golden eye blinks!
A starcursed mass splits.
The sixfirhy completely misses you. The golden eye blinks at you.
You resist with some effort.
You're too confused to move!
The sixfirhy closely misses you. x2
A starcursed mass splits. x2
Unknown command.
You miss the golden eye. You hit the sixfirhy. You miss the golden eye.
The golden eye blinks at you.
You are more confused.
The golden eye blinks!
The golden eye blinks at you.
A starcursed mass splits.
Unknown command.
You bump into the metal wall.
A deafening chorus of shrieks assaults your mind!
You die...

~..###...###.#.
....#.....#...
.............#
~≈~..........§..###
~ ~~...... ....G..#
~ . #.....#....
♣~≈.. ###... ##.#
.. ..#.....#G@# .#
~~... ....X.XX3G..#
~ .... ...X....#.#
~ .......X..X....##
.#.. . ..X..#....#
#.##.##.###..#.##.#
# ... ##. ..#...
#.# .. . ......##
.. .. G#..#...


You could see 7 starcursed masses, a sixfirhy and 3 golden eyes.

Vanquished Creatures
  3 two-headed ogres (D:8)
  Pikel (D:7)
  A troll (D:6)
  Grinder (D:3)
  A hornet (D:6)
  Eustachio (D:4)
  A golden eye (Abyss:1)
  2 steam dragons (D:8)
  2 ice beasts (D:6)
  A sky beast (D:5)
  4 ogres
  2 centaurs
  3 lemures
  3 phantoms
  7 bullfrogs
  A kobold brigand (D:7)
  A gnoll sergeant (D:6)
  4 scorpions
  7 wights
  5 killer bees (D:7)
  A howler monkey (D:8)
  2 hounds
  A jelly (D:6)
  A quasit (D:6)
  3 orc priests
  2 sleepcaps (D:5)
  Jessica (D:2)
  8 iguanas
  An orc wizard (D:6)
  Natasha (thrice) (D:2)
  8 gnolls
  11 adders
  2 river rats (D:4)
  2 shadow imps (D:6)
  3 white imps
  3 ufetubi (D:6)
  4 worms
  A dart slug (D:2)
  17 orcs
  12 endoplasms
  10 giant cockroaches
  6 goblins
  7 hobgoblins
  4 jackals (D:1)
  9 kobolds
  8 quokkas
  11 ball pythons
  4 bats
  9 frilled lizards
  6 rats
211 creatures vanquished.

Vanquished Creatures (collateral kills)
  A gargoyle (D:8)
  The ghost of H0rd4k the Charlatan, an amateur HuAr (D:4)
  An orc warrior (D:8)
  A sky beast (D:4)
  A phantom (D:4)
  2 howler monkeys (D:8)
  An adder (D:4)
  An orc (D:8)
9 creatures vanquished.

Vanquished Creatures (others)
  4 ancestors
  2 demonic plants (D:6)
6 creatures vanquished.

Grand Total: 226 creatures vanquished

Notes
Turn   | Place    | Note
-------+----------+-------------------------------------------
     0 | D:1      | Eitelfritz the Hill Orc Fighter began the quest for the
                  | Orb.
     0 | D:1      | Reached XP level 1. HP: 19/19 MP: 1/1
   146 | D:1      | Reached XP level 2. HP: 27/27 MP: 2/2
   275 | D:1      | Reached skill level 3 in Axes
   543 | D:1      | Reached XP level 3. HP: 29/33 MP: 3/3
  1034 | D:2      | Found a stormy altar of Qazlal.
  1192 | D:2      | Reached skill level 4 in Axes
  1192 | D:2      | Reached XP level 4. HP: 36/40 MP: 4/4
  1343 | D:2      | Noticed Natasha
  1357 | D:2      | Killed Natasha
  1665 | D:2      | Noticed Natasha
  1673 | D:2      | Killed Natasha
  1674 | D:2      | Reached XP level 5. HP: 44/47 MP: 5/5
  1750 | D:2      | Reached skill level 5 in Axes
  1898 | D:2      | Noticed Natasha
  1907 | D:2      | Killed Natasha
  1951 | D:2      | You fall into a shaft and drop 2 floors!
  1951 | D:4      | Found an iron altar of Okawaru.
  1951 | D:4      | Found a glowing golden altar of the Shining One.
  1952 | D:4      | Found a basalt altar of Yredelemnul.
  1952 | D:4      | Found an ornate altar of the Wu Jian Council.
  1955 | D:4      | Found a stormy altar of Qazlal.
  1956 | D:4      | Found a shimmering blue altar of Sif Muna.
  1968 | D:4      | Found a glowing drain.
  1986 | D:4      | Reached XP level 6. HP: 42/53 MP: 6/6
  2058 | Sewer    | Entered a sewer
  2396 | Sewer    | Reached skill level 6 in Axes
  2396 | Sewer    | Reached skill level 5 in Armour
  2403 | Sewer    | Reached skill level 1 in Dodging
  2451 | Sewer    | Identified the orb of the Catfish {*Rage, rF+ Will- Int+3
                  | Slay+2}
  2694 | D:4      | Reached XP level 7. HP: 34/60 MP: 7/7
  2728 | D:4      | Reached skill level 5 in Fighting
  2989 | D:2      | Noticed Jessica
  2997 | D:2      | Killed Jessica
  3327 | D:3      | Noticed Grinder
  3362 | D:3      | Paralysed by Grinder for 2 turns
  3377 | D:3      | Paralysed by Grinder for 5 turns
  3392 | D:3      | Killed Grinder
  3393 | D:3      | Reached skill level 7 in Axes
  3810 | D:4      | Reached XP level 8. HP: 53/70 MP: 8/8
  3881 | D:4      | Found a transporter.
  3891 | D:4      | Found a transporter.
  3895 | D:4      | Noticed H0rd4k's ghost (amateur HuAr)
  3915 | D:4      | Reached skill level 8 in Axes
  4053 | D:4      | Noticed Eustachio
  4063 | D:4      | Killed Eustachio
  4451 | D:5      | Entered Level 5 of the Dungeon
  4700 | D:5      | Reached skill level 9 in Axes
  5373 | D:4      | Killed H0rd4k's ghost
  5378 | D:4      | Reached skill level 10 in Axes
  5378 | D:4      | Reached XP level 9. HP: 19/79 MP: 9/9
  5644 | D:6      | Found a staircase to the Ecumenical Temple.
  5670 | Temple   | Entered the Ecumenical Temple
  5695 | Temple   | Became a worshipper of Hepliaklqana the Forgotten
  5976 | D:6      | Found a hide-covered altar of Uskayaw.
  6274 | D:6      | Noticed a troll
  6275 | D:6      | Noticed a hornet
  6283 | D:6      | Killed a troll
  6284 | D:6      | Reached skill level 11 in Axes
  6294 | D:6      | Killed a hornet
  6295 | D:6      | Reached skill level 1 in Stealth
  6588 | D:6      | Reached XP level 10. HP: 86/89 MP: 10/10
  6600 | D:6      | Reached skill level 12 in Axes
  6600 | D:6      | Reached skill level 5 in Shields
  7043 | D:7      | Noticed Pikel
  7193 | D:7      | Killed Pikel
  7579 | D:7      | Reached * piety under Hepliaklqana
  7972 | D:8      | Reached skill level 13 in Axes
  8077 | D:8      | Noticed a two-headed ogre
  8092 | D:8      | Killed a two-headed ogre
  8244 | D:8      | Noticed a two-headed ogre
  8256 | D:8      | Noticed a two-headed ogre
  8258 | D:8      | Killed a two-headed ogre
  8259 | D:8      | Reached skill level 14 in Axes
  8259 | D:8      | Reached skill level 1 in Throwing
  8259 | D:8      | Reached XP level 11. HP: 41/87 MP: 11/11
  8412 | D:8      | Found the +6 shillelagh "Devastator" {shatter}
  8785 | D:8      | Killed a two-headed ogre
  8888 | D:9      | Noticed Erolcha
  8912 | Abyss:1  | Cast into level 1 of the Abyss (Erolcha)
  8945 | Abyss:1  | Noticed a sixfirhy
  8958 | Abyss:1  | Noticed a starcursed mass
  8965 | Abyss:1  | Killed from afar by a starcursed mass

Illustrated notes

Levels and vault maps discovered:
D:1:      sevenhm_arrival_forest_fort_large_2, layout_basic
D:2:      layout_basic, basic_altar, uniq_natasha, uniq_jessica
D:3:      layout_loops_ring, uniq_grinder
D:4:      layout_cave_pools, minitemple, gammafunk_ghost_arena,
          cheibrodos_sewer_entry_sluice, uniq_eustachio
D:5:      layout_basic
D:6:      kennysheep_windowed_halls, layout_rooms, overflow_temple_1_default,
          minmay_temple_entry_waves, serial_demonic, serial_demonic_b,
          serial_demonic_g, serial_demonic_b, serial_demonic_f, serial_demonic_b
D:7:      layout_rooms, kennysheep_doodads, uniq_pikel
D:8:      layout_loops_ring, dilly_guarded_unrand_devastator
D:9:      minmay_chopped_fan, layout_basic, grunt_gozag_statues,
          minmay_misc_feat_room, minivault_20, kennysheep_path_1, uniq_amaemon,
          uniq_erolcha, uniq_prince_ribbit1, uniq_gastronok
Temple:   nicolae_temple_bog_church
Abyss:1:  base:
D:6

Skill      XL: |  1  2  3  4  5  6  7  8  9 10 |
---------------+-------------------------------+-----
Axes           | 3 4 5 6 7 10 11 14 | 14.4
Fighting       | 4 5 7 8 9 |  9.6
Armour         | 4 5 6 8 |  8.9
Shields        | 4 5 |  5.4
Dodging        | 1 2 3 |  3.8
Stealth        | 1 2 |  2.1
Throwing       | 1 |  1.9

Action                     |  1- 3 |  4- 6 |  7- 9 | 10-12 || total
---------------------------+-------+-------+-------+-------++-------
  Melee: War axe           |    88 |   139 |   328 |   187 ||   742
  Throw: Dart              |       |       |     5 |    17 ||    22
    Use: Potion            |       |       |     4 |       ||     4
         Scroll            |       |       |    14 |     5 ||    19
   Stab: Invisible         |       |       |     3 |       ||     3
         Sleeping          |       |       |     1 |       ||     1
 Armour: Scale mail        |    40 |    58 |    84 |       ||   182
         Chain mail        |       |       |    62 |    38 ||   100
         Steam dragon scal |       |       |       |    10 ||    10
  Dodge: Dodged            |    51 |    71 |   155 |    95 ||   372
  Block: Buckler           |    19 |    31 |    69 |    21 ||   140
